 Dungeon Crawl Stone Soup version 0.30-a0-862-g1aabd4f9c5 (webtiles) character file.

Game seed: 11198968898026139738

522 MacCMillion the Chopper (level 7, -3/61 HPs)
             Began as a Ghoul Gladiator on Mar 9, 2023.
             Slain by a gnoll
             ... wielding a +0 halberd
              (5 damage)
             ... on level 4 of the Dungeon.
             The game lasted 00:09:11 (3297 turns).

MacCMillion the Chopper (Ghoul Gladiator)           Turns: 3297, Time: 00:09:12

Health: -3/61      AC:  5    Str: 20    XL:     7   Next: 22%
Magic:  6/6        EV: 12    Int:  3    God:
Gold:   172        SH:  0    Dex: 10    Spells: 6/6 levels left

rFire   . . .      SeeInvis .    a - +0 war axe
rCold   + . .      Faith    .    (no shield)
rNeg    + + +      Spirit   .    b - +0 leather armour
rPois   ∞          Reflect  .    c - +0 helmet
rElec   .          Rampage  .    (no cloak)
rCorr   .                        (no gloves)
Will    .....                    k - +0 pair of boots
Stlth   +                        (no amulet)
HPRegen 0.00/turn                (no ring)
MPRegen 0.10/turn                (no ring)

@: inhibited regen
A: claws 1, cold resistance 1, negative energy resistance 3, inhibited
regeneration, torment resistance 2, devour on kill
a: no special abilities


You were on level 4 of the Dungeon.
You visited 1 branch of the dungeon, and saw 4 of its levels.

You collected 172 gold pieces.

Inventory:

Hand Weapons
 a - a +0 war axe (weapon)
Missiles
 d - 3 throwing nets (quivered)
 e - 5 javelins
 n - 5 poisoned darts
Armour
 b - a +0 leather armour (worn)
 c - a +0 helmet (worn)
 k - a +0 pair of boots (worn)
Jewellery
 j - an amulet of regeneration
Scrolls
 f - 2 scrolls of blinking {unknown}
 g - 5 scrolls of identify
 l - a scroll of silence {unknown}
Potions
 h - a potion of heal wounds
 i - a potion of lignification
 m - a potion of brilliance {unknown}
 o - a potion of resistance {unknown}


   Skills:
 - Level 5.0 Fighting
 * Level 6.2 Axes
 - Level 2.0 Throwing
 - Level 2.6 Dodging


You had 6 spell levels left.
You didn't know any spells.
Your spell library contained the following spells:

 Spells                   Type           Power      Damage    Failure   Level
 Ensorcelled Hibernation  Hex/Ice        0%         N/A       73%         2
 Passwall                 Tmut/Erth      0%         N/A       73%         2
 Swiftness                Air            0%         N/A       91%         3


Dungeon Overview and Level Annotations

Branches:
Dungeon (4/15)
 Temple: D:4-7

Altars:
Ashenzari
Trog

Shops:
D:3 :

Annotations:
D:3 Ijyb, Sigmund


Innate Abilities, Weirdness & Mutations

You are immune to poison.
You have sharp fingernails.
Your flesh is cold resistant. (rC+)
You are immune to negative energy. (rN+++)
You do not regenerate when monsters are visible.
You are immune to unholy pain and torment.
You thrive by killing the living.


Message History

You kill the gnoll!
You feel better.
The gnoll hits you from afar with a +0 halberd.
The gnoll hits you with a +0 halberd.
You see here a +0 halberd.
You closely miss the gnoll. The gnoll hits you but does no damage.
You hit the gnoll.
The gnoll is moderately wounded.
The gnoll barely misses you.
You closely miss the gnoll.
The gnoll is moderately wounded.
The gnoll closely misses you.
A gnoll comes into view. It is wielding a +0 halberd.
The gnoll shouts!
The gnoll misses you.
You closely miss the gnoll.
The gnoll is moderately wounded.
The gnoll barely misses you.
You hit the gnoll.
The gnoll is moderately wounded.
The gnoll hits you with a +0 halberd!
* * * LOW HITPOINT WARNING * * *
You closely miss the gnoll.
The gnoll is moderately wounded.
The gnoll hits you with a +0 halberd.
* * * LOW HITPOINT WARNING * * *
You hit the gnoll.
The gnoll is heavily wounded.
A gnoll comes into view. It is wielding a +0 halberd.
The gnoll barely misses you.
You closely miss the gnoll. You claw the gnoll, but do no damage.
The gnoll is heavily wounded.
The gnoll barely misses you. The gnoll misses you.
You slash the gnoll!
You kill the gnoll!
You feel better.
The gnoll hits you from afar with a +0 halberd!
* * * LOW HITPOINT WARNING * * *
The gnoll hits you from afar with a +0 halberd.
You die...

# ### #.....# #####..#
..##.....### .......#
..#........ ## ....#
#.#.....### .## 8..
#.#g....... ..# .8.
#.......### #.# #.#
###g.###### #.# #.#
#..>..#
#.###.##########@....####
#...)<#........))........
#...#.#.###..###.....####
#...#.#.# ##.# #.....#
...##.#.####.###....##
.#.............#.#'##
##.##)#######.##.#.#
....).#~~~~~#.##.#.#
.#....'~~.~~#....#.#


You could see 2 gnolls.

Vanquished Creatures
  A phantom (D:4)
  A hound (D:4)
  4 orc priests
  2 iguanas
  4 orc wizards
  Robin (D:3)
  2 gnolls (D:4)
  4 adders
  An ufetubus (D:4)
  An adder skeleton (D:4)
  8 orcs
  3 endoplasms
  4 giant cockroaches
  19 goblins
  7 hobgoblins
  2 jackals (D:1)
  5 kobolds
  3 quokkas
  11 ball pythons
  4 bats
  2 frilled lizards
89 creatures vanquished.

Vanquished Creatures (others)
  6 fungi (D:4)
  A withered plant (D:4)
7 creatures vanquished.

Grand Total: 96 creatures vanquished

Notes
Turn   | Place    | Note
-------+----------+-------------------------------------------
     0 | D:1      | MacCMillion the Ghoul Gladiator began the quest for the
                  | Orb.
     0 | D:1      | Reached XP level 1. HP: 17/17 MP: 0/0
    91 | D:1      | Reached XP level 2. HP: 24/25 MP: 1/1
   103 | D:1      | Reached skill level 3 in Axes
   119 | D:1      | Found a faded altar of an unknown god.
   304 | D:1      | Reached XP level 3. HP: 30/30 MP: 2/2
   478 | D:1      | You fall into a shaft and drop 1 floor!
   983 | D:1      | Reached XP level 4. HP: 38/38 MP: 3/3
  1496 | D:3      | Reached skill level 4 in Axes
  1540 | D:3      | Found Yttoares's Book Shoppe.
  1833 | D:3      | Reached XP level 5. HP: 23/46 MP: 4/4
  2198 | D:3      | Noticed Robin
  2265 | D:3      | Killed Robin
  2290 | D:3      | Noticed Sigmund
  2358 | D:4      | Reached skill level 5 in Axes
  2358 | D:4      | Reached XP level 6. HP: 52/52 MP: 5/5
  2468 | D:3      | Noticed Ijyb
  2683 | D:3      | Found a bloodstained altar of Trog.
  2703 | D:3      | Found a broken altar of Ashenzari.
  2737 | D:3      | HP: 1/53 [iguana (9)]
  3085 | D:4      | Reached skill level 6 in Axes
  3085 | D:4      | Reached XP level 7. HP: 24/60 MP: 6/6
  3090 | D:4      | Reached skill level 5 in Fighting
  3297 | D:4      | HP: 2/61 [gnoll/+0 halberd (11)]
  3297 | D:4      | Slain by a gnoll

Illustrated notes

Levels and vault maps discovered:
D:1:      minmay_arrival_four_loops, layout_rooms, ebering_ecumenical_altar_box,
          serial_glass, glass_columns_b, glass_columns_a
D:2:      layout_basic
D:3:      layout_basic, mainiacjoe_overflow_boulevard,
          overflow_temple_1_default, serial_corexii_hall,
          corexii_hall_statues_x, corexii_hall_statues_l, serial_shops,
          shop_fountains, st_stairs_5, uniq_robin, uniq_ijyb, uniq_sigmund
D:4:      layout_basic, mainiacjoe_overflow_six_doors_small, chei_slow_surprise,
          old_standard_altar, serial_undead, serial_undead_c, serial_undead_b,
          serial_undead_e, serial_undead_e, serial_undead_c,
          gup_sewer_entry_glass, dreamdust_gnoll_farm, uniq_crazy_yiuf_cottage

Skill      XL: |  1  2  3  4  5  6  7 |
---------------+----------------------+-----
Axes           | 3 4 5 6 |  6.2
Throwing       | 2 |  2.0
Fighting       | 3 4 5 |  5.0
Dodging        | |  2.6

Action                     |  1- 3 |  4- 6 |  7- 9 || total
---------------------------+-------+-------+-------++-------
  Melee: War axe           |    79 |   164 |    22 ||   265
         Punch             |     1 |     1 |     1 ||     3
    Use: Scroll            |       |     2 |       ||     2
         Potion            |       |     1 |       ||     1
 Armour: Leather armour    |    33 |    52 |     5 ||    90
  Dodge: Dodged            |    58 |   122 |    14 ||   194

Table legend: (Time is in decaauts)
 A = Elapsed time spent in this place.
 B = Non-inter-level travel time spent in this place.
 C = Inter-level travel time spent in this place.
 D = Time resting spent in this place.
 E = Time spent auto-exploring this place.
 F = Levels seen in this place.
 G = Mean time per level.
                   A        B        C        D        E       F      G
               +--------+--------+--------+--------+--------+-----+--------+
         Total |   3377 |   3220 |    157 |    808 |   1491 |   4 |  844.2 |
       Dungeon |   3377 |   3220 |    157 |    808 |   1491 |   4 |  844.2 |
               +--------+--------+--------+--------+--------+-----+--------+

Top non-repeatable levels by time:
     D:3: 1188 daAuts
     D:2: 1151 daAuts
     D:1: 659 daAuts
     D:4: 378 daAuts
